 Dungeon Crawl Stone Soup version 0.32-a0-576-g706899e69d (webtiles) character file.

Game seed: 9671014535908219935

459 dialectric the Ruffian (level 6, 0/61 HPs)
             Began as a Troll Shapeshifter on Mar 2, 2024.
             Slain by a gnoll
             ... wielding a +2 spear of freezing
              (1 damage)
             ... on level 4 of the Dungeon.
             The game lasted 00:04:08 (2241 turns).

dialectric the Ruffian (Troll Shapeshifter)         Turns: 2241, Time: 00:04:08

Health: 0/61       AC:  4    Str: 23    XL:     6   Next: 78%
Magic:  5/5        EV: 10    Int:  6    God:
Gold:   226        SH:  0    Dex: 11    Spells: 5/5 levels left

rFire   . .          .
                       - Unarmed
rCold   . . .        (no shield)
rNeg    . . .        a - +0 animal skin
rPois   .            (helmet currently unavailable)
rElec   .            (cloak currently unavailable)
rCorr   +            (gloves unavailable)
SInv    .            (boots unavailable)
Will    .....        (no amulet)
Stlth   +            k - ring of resist corrosion
HPRegen 1.10/turn    (no ring)
MPRegen 0.09/turn

%: no passive effects
@: confused, beast-form, ambrosia-drunk
A: beast (slay +2), large, unfitting armour, claws 3, regeneration 1, shaggy fur
1, tough skin 1
a: Begin Untransformation


You were on level 4 of the Dungeon.
You were a hulking beast.
You visited 1 branch of the dungeon, and saw 4 of its levels.

You collected 226 gold pieces.

Inventory:

Hand Weapons
 h - a +0 mace
 q - a +0 dire flail
Missiles
 i - 10 poisoned darts (quivered)
Armour
 a - a +0 animal skin (worn)
 g - a +0 cloak
Jewellery
 k - a ring of resist corrosion (left claw)
Talismans
 c - a beast talisman (active)
 d - a flux talisman
Scrolls
 e - a scroll of identify
 j - a scroll of enchant weapon {unknown}
 m - a scroll of teleportation
 n - a scroll of immolation {unknown}
 r - a scroll of butterflies {unknown}
Potions
 b - 2 potions of lignification
 l - a potion of attraction {unknown}
 o - a potion of curing {unknown}
 p - 2 potions of berserk rage {unknown}


   Skills:
 * Level 3.1 Fighting
 + Level 1.8 Armour
 + Level 3.0 Dodging
 + Level 4.2 Unarmed Combat
 + Level 4.0 Shapeshifting


You had 5 spell levels left.
You didn't know any spells.
Your spell library contained the following spells:

 Spells                   Type           Power      Damage    Failure   Level
 Blink                    Tloc           0%         N/A       58%         2
 Lesser Beckoning         Tloc           0%         N/A       58%         2
 Momentum Strike          Conj/Tloc      0%         3d8       58%         2


Dungeon Overview and Level Annotations

Branches:
Dungeon (4/15)
 Temple: D:4-7

Altars:
Ashenzari
Gozag
Xom
The Shining One


Innate Abilities, Weirdness & Mutations

You are a hulking beast.
Your limbs bulge with bestial killing power. (Slay +2)
You are too large for most types of armour.
You have claws for hands.
Your natural rate of healing is unusually fast.
You are covered in fur. (AC +1)
You have tough skin. (AC +1)


Message History

The gnoll hits you with a +0 club. The gnoll barely misses you.
The gnoll attacks as it pursues you! The gnoll completely misses you.
The gnoll attacks as it pursues you! The gnoll completely misses you.
The gnoll hits you with a +0 whip.
There is an open door here.
The gnoll attacks as it pursues you! The gnoll closely misses you.
Okay, then.
Unknown command.
The gnoll closely misses you. The gnoll barely misses you.
The gnoll hits you with a +0 spear. The gnoll hits you with a +0 whip.
The gnoll barely misses you. The gnoll hits you with a +0 spear.
The gnoll closely misses you.
There is an open door here.
Unknown command.
Unknown command.
The gnoll hits you from afar with a +0 spear!
The gnoll hits you with a +0 club. The gnoll barely misses you.
Unknown command.
The gnoll attacks as it pursues you! The gnoll hits you with a +0 club.
You open the door. The gnoll hits you with a +0 club.
The gnoll hits you from afar with a +2 spear of freezing.
* * * LOW HITPOINT WARNING * * *
The gnoll freezes you.
* * * LOW HITPOINT WARNING * * *
As you read the scroll labelled GAYTOET FEURPH, it crumbles to dust.
It is a scroll of identify.
m - a scroll of teleportation The gnoll hits you with a +0 whip!
* * * LOW HITPOINT WARNING * * *
The gnoll closely misses you. The gnoll barely misses you.
It was a potion of ambrosia.
You are confused.
You feel invigorated. The gnoll hits you with a +0 whip.
* * * LOW HITPOINT WARNING * * *
The gnoll hits you with a +0 club.
* * * LOW HITPOINT WARNING * * *
The gnoll hits you from afar with a +2 spear of freezing.
* * * LOW HITPOINT WARNING * * *
The gnoll freezes you.
You die...

.))......# .........#
.........# . #...##...#
.. #...##...###+#### ...
#........##.....# ....
..†.......#.....## .....
..........#....g.#......
..........#....gh'......
#'####...#####g###......
#...##...##..g..##......
.........#.....g........
^........#..............
.........#..............
#...##...##.....##......
##'###########'###.....!
#.........#......g......


You could see 4 gnolls.

Vanquished Creatures
  Grinder (D:4)
  Blork the orc (D:4)
  2 orc priests
  An orc wizard (D:4)
  Robin (D:1)
  2 adders
  3 dart slugs
  6 orcs (D:4)
  3 ball pythons
  4 bats
  3 endoplasms
  3 giant cockroaches
  14 goblins
  9 hobgoblins
  3 jackals (D:4)
  A quokka (D:2)
  3 frilled lizards
  4 kobolds
  5 rats (D:2)
69 creatures vanquished.

Notes
Turn   | Place    | Note
-------+----------+-------------------------------------------
     0 | D:1      | dialectric the Troll Shapeshifter began the quest for the
                  | Orb.
     0 | D:1      | Reached XP level 1. HP: 18/18 MP: 0/0
   161 | D:1      | Reached skill level 1 in Fighting
   255 | D:1      | Reached XP level 2. HP: 27/27 MP: 1/1
   316 | D:1      | Found a faded altar of an unknown god.
   636 | D:2      | Noticed Robin
   641 | D:1      | Killed Robin
   643 | D:1      | Reached XP level 3. HP: 33/33 MP: 2/2
  1083 | D:2      | Reached XP level 4. HP: 41/41 MP: 3/3
  1431 | D:3      | Found a shimmering altar of Xom.
  1431 | D:3      | Found a faded altar of an unknown god.
  1439 | D:3      | Found a broken altar of Ashenzari.
  1441 | D:3      | Found a faded altar of an unknown god.
  1443 | D:3      | Found a glowing golden altar of the Shining One.
  1956 | D:4      | Reached skill level 1 in Armour
  1956 | D:4      | Reached XP level 5. HP: 45/49 MP: 4/4
  2025 | D:4      | Found an opulent altar of Gozag.
  2032 | D:4      | Noticed Grinder
  2045 | D:4      | Killed Grinder
  2046 | D:4      | Reached XP level 6. HP: 33/59 MP: 5/5
  2065 | D:4      | Noticed Blork the orc
  2072 | D:4      | Killed Blork the orc
  2241 | D:4      | HP: 1/61 [gnoll/+2 spear of freezing (6)]
  2241 | D:4      | Slain by a gnoll

Illustrated notes

Levels and vault maps discovered:
D:1:      reono_arrival_mine, layout_loops_ring,
          dreamdust_ecumenical_altar_statues, minmay_ruptured
D:2:      layout_loops_corners, minmay_rat_gold_closets, uniq_robin
D:3:      layout_loops_ring, lemuel_zombie_altar_yredelemnul,
          chequers_temple_overflow_minitemple, grunt_decor_clamped,
          corner_web_ring, kennysheep_small_spiral, chequers_big_river,
          minmay_puff
D:4:      layout_gridville, grunt_gozag_statues, kennysheep_mini_moat,
          chequers_hall_statues_wall_a, minmay_distorted, uniq_blork_the_orc,
          uniq_eustachio, uniq_grinder

Skill      XL: |  1  2  3  4  5  6 |
---------------+-------------------+-----
Fighting       | 1 2 3 |  3.1
Dodging        | 2 3 |  3.0
Armour         | 1 |  1.8
Unarmed Combat | 4 |  4.2
Shapeshifting  | 4 |  4.0

Action                     |  1- 3 |  4- 6 || total
---------------------------+-------+-------++-------
  Melee: Unarmed           |    66 |    74 ||   140
         Punch             |     2 |       ||     2
    Use: Scroll            |       |     1 ||     1
         Potion            |       |     1 ||     1
   Stab: Sleeping          |     2 |     1 ||     3
 Armour: Animal skin       |    49 |    62 ||   111
  Dodge: Dodged            |    34 |    47 ||    81

Table legend: (Time is in decaauts)
 A = Elapsed time spent in this place.
 B = Non-inter-level travel time spent in this place.
 C = Inter-level travel time spent in this place.
 D = Time resting spent in this place.
 E = Time spent auto-exploring this place.
 F = Levels seen in this place.
 G = Mean time per level.
                   A        B        C        D        E       F      G
               +--------+--------+--------+--------+--------+-----+--------+
         Total |   2236 |   2108 |    128 |     19 |   1508 |   4 |  559.0 |
       Dungeon |   2236 |   2108 |    128 |     19 |   1508 |   4 |  559.0 |
               +--------+--------+--------+--------+--------+-----+--------+

Top non-repeatable levels by time:
     D:2: 763 daAuts
     D:1: 660 daAuts
     D:3: 504 daAuts
     D:4: 307 daAuts
